[Event "Schachfestival Open-A 2018"]
[Site "Lueneburg"]
[Date "2018.07.10"]
[Round "6"]
[White "Vorobiov, Evgeny E"]
[Black "Mirzoev, Azer"]
[Result "1/2-1/2"]
[ECO "D26"]
[WhiteElo "2564"]
[BlackElo "2506"]
[Annotator "ChessBase"]
[PlyCount "21"]
[EventDate "2018.07.06"]
[EventType "swiss"]
[EventCountry "GER"]
[SourceTitle "playchess.com"]
[Source "ChessBase"]
[SourceQuality "1"]
[TimeControl "40/5400+30:1800+30"]

1. d4 d5 2. c4 e6 3. Nf3 c6 4. e3 Nf6 5. Bd3 dxc4 6. Bxc4 c5 7. O-O Nc6 8. Nc3 a6 9. Qe2 b5 10. Bb3 Bb7 11. dxc5 1/2-1/2

[Event "Schachfestival Open-A 2018"]
[Site "Lueneburg"]
[Date "2018.07.10"]
[Round "6"]
[White "Sriram, Jha"]
[Black "Ramme, Christoph"]
[Result "1/2-1/2"]
[ECO "A14"]
[WhiteElo "2409"]
[BlackElo "2158"]
[Annotator "NA"]
[PlyCount "94"]
[EventDate "2018.07.06"]
[EventType "swiss"]
[EventCountry "GER"]
[SourceTitle "playchess.com"]
[Source "ChessBase"]
[SourceQuality "1"]
[TimeControl "40/5400+30:1800+30"]

1. Nf3 Nf6 2. c4 e6 3. g3 d5 4. Bg2 Be7 5. O-O O-O 6. d4 dxc4 7. Qc2 a6 8. a4 Bd7 9. Qxc4 Bc6 10. Bg5 Bd5 11. Qd3 c5 12. Nc3 Bc6 13. Rfd1 Nbd7 14. e4 cxd4 15. Nxd4 Ne5 16. Qe2 Qb6 17. Bf4 Ng6 18. Be3 Qa5 19. Nxc6 bxc6 20. Bd2 Bb4 21. Be1 Rfd8 22. Rxd8+ Rxd8 23. Rd1 Rxd1 24. Qxd1 Qb6 25. Qe2 a5 26. Kh1 e5 27. f3 Bc5 28. Nb1 Ne8 29. Qd2 Bb4 30. Bf2 Bc5 31. Be1 Bb4 32. Qf2 Bc5 33. Qc2 Nd6 34. Na3 Bd4 35. b3 Bc5 36. Nb1 Ne8 37. Nd2 Nd6 38. Bf1 Bb4 39. Qd3 Qc5 40. Nc4 Bxe1 41. Qxd6 Qf2 42. Qd8+ Nf8 43. Qd3 Bb4 44. Qe2 Qd4 45. Qd3 Qf2 46. Qe2 Qd4 47. Qd3 Qf2 1/2-1/2

[Event "Schachfestival Open-A 2018"]
[Site "Lueneburg"]
[Date "2018.07.10"]
[Round "6"]
[White "Hess, Christian Mathias"]
[Black "Marxen, Peter"]
[Result "1-0"]
[ECO "A06"]
[WhiteElo "2243"]
[BlackElo "2068"]
[Annotator "NA"]
[PlyCount "89"]
[EventDate "2018.07.06"]
[EventType "swiss"]
[EventCountry "GER"]
[SourceTitle "playchess.com"]
[Source "ChessBase"]
[SourceQuality "1"]
[TimeControl "40/5400+30:1800+30"]

1. Nf3 d5 2. e3 Nf6 3. c4 e6 4. b3 c5 5. Bb2 Nc6 6. cxd5 exd5 7. Bb5 Be7 8. O-O O-O 9. d4 Qb6 10. Bxc6 Qxc6 11. dxc5 Qxc5 12. Qd3 Be6 13. Ng5 g6 14. Rc1 Qb6 15. Bd4 Qd6 16. Nc3 a6 17. Bxf6 Bxf6 18. Nge4 Qe7 19. Nxf6+ Qxf6 20. Ne2 Rfc8 21. Qd4 Kg7 22. Kf1 Qxd4 23. Nxd4 Kf6 24. Ke2 Rxc1 25. Rxc1 Rc8 26. Rxc8 Bxc8 27. Kd3 h6 28. Nf3 b6 29. Kd4 Bb7 30. b4 Ke6 31. h4 f6 32. a4 Bc6 33. a5 bxa5 34. bxa5 Bb5 35. Kc5 Bf1 36. g3 g5 37. Nd2 Be2 38. Nb3 Bf1 39. hxg5 hxg5 40. g4 Ke5 41. f3 Be2 42. Nd4 Bf1 43. Kc6 Bc4 44. Kd7 f5 45. gxf5 1-0

[Event "Schachfestival Open-A 2018"]
[Site "Lueneburg"]
[Date "2018.07.10"]
[Round "6"]
[White "Kardoeus, David"]
[Black "Hoffmann, Lennard"]
[Result "1/2-1/2"]
[ECO "B99"]
[WhiteElo "2188"]
[BlackElo "1981"]
[Annotator "NA"]
[PlyCount "98"]
[EventDate "2018.07.06"]
[EventType "swiss"]
[EventCountry "GER"]
[SourceTitle "playchess.com"]
[Source "ChessBase"]
[SourceQuality "1"]
[TimeControl "40/5400+30:1800+30"]

1. e4 c5 2. Nf3 d6 3. d4 cxd4 4. Nxd4 Nf6 5. Nc3 a6 6. Bg5 e6 7. f4 Be7 8. Qf3 Qc7 9. O-O-O Nbd7 10. g4 h6 11. Bxf6 Bxf6 12. h4 Qb6 13. Nde2 Nc5 14. g5 Be7 15. Nd4 Bd7 16. Bh3 O-O-O 17. f5 hxg5 18. fxe6 fxe6 19. Nxe6 Nxe6 20. Nd5 Qc5 21. b4 Qa7 22. Bxe6 Bf6 23. Bxd7+ Rxd7 24. Nxf6 gxf6 25. Qxf6 Qe3+ 26. Kb2 Rxh4 27. Rxh4 gxh4 28. Qxh4 Qb6 29. Kb3 Kb8 30. Qh8+ Rd8 31. Qf6 Re8 32. Rd4 Ka7 33. c3 Qc6 34. Rxd6 Qxe4 35. Qd4+ Qxd4 36. cxd4 b5 37. Rc6 Re3+ 38. Rc3 Re4 39. Rd3 Kb7 40. a4 Kc6 41. Kc3 Re1 42. Rh3 Rc1+ 43. Kd3 Rd1+ 44. Ke4 Re1+ 45. Kd3 Rd1+ 46. Kc3 Rc1+ 47. Kb2 Rc4 48. Rh6+ Kb7 49. Kb3 Rxd4 1/2-1/2

[Event "Schachfestival Open-A 2018"]
[Site "Lueneburg"]
[Date "2018.07.10"]
[Round "6"]
[White "Stabolewski, Andreas"]
[Black "Harringer, Manfred"]
[Result "0-1"]
[ECO "A14"]
[WhiteElo "2129"]
[BlackElo "1998"]
[Annotator "NA"]
[PlyCount "126"]
[EventDate "2018.07.06"]
[EventType "swiss"]
[EventCountry "GER"]
[SourceTitle "playchess.com"]
[Source "ChessBase"]
[SourceQuality "1"]
[TimeControl "40/5400+30:1800+30"]

1. c4 Nf6 2. g3 e6 3. Bg2 d5 4. Nf3 Be7 5. O-O O-O 6. b3 c5 7. Bb2 Nc6 8. e3 b6 9. Nc3 Bb7 10. cxd5 exd5 11. d4 Rc8 12. Rc1 Ba6 13. Re1 Nb4 14. Ne5 cxd4 15. Qxd4 Bc5 16. Qh4 d4 17. Red1 dxc3 18. Rxd8 Rfxd8 19. Bxc3 Nxa2 20. Ng4 Nxc1 21. Nxf6+ gxf6 22. Qg4+ Kf8 23. Bf3 Be7 24. Bb4 Nd3 25. Bxe7+ Kxe7 26. Qe4+ Kf8 27. Bh5 Ne5 28. Qb4+ Kg7 29. Qa3 Bb5 30. f4 Nd3 31. Qxa7 Rc1+ 32. Kg2 Ne1+ 33. Kh3 Bf1+ 34. Kh4 Ng2+ 35. Kh3 Nxe3+ 36. Kh4 Ng2+ 37. Kh3 Nxf4+ 38. Kh4 Nxh5 39. Qxb6 Rd2 40. Kxh5 Rxh2+ 41. Kg4 Be2+ 42. Kf4 Rf1+ 43. Ke4 Bf3+ 44. Kd3 Bg4 45. Qb8 Rf3+ 46. Ke4 Re2+ 47. Kd4 Ree3 48. b4 Rd3+ 49. Kc5 Rxg3 50. b5 Rc3+ 51. Kb4 Rb3+ 52. Kc5 Bh3 53. b6 Bg2 54. Kc4 Rbe3 55. b7 Rg4+ 56. Kc5 Rc3+ 57. Kb5 Rb3+ 58. Ka5 Rxb7 59. Qd6 Rbb4 60. Qd2 h5 61. Qd6 h4 62. Qh2 h3 63. Qd6 Rbf4 0-1

[Event "Schachfestival Open-A 2018"]
[Site "Lueneburg"]
[Date "2018.07.10"]
[Round "6"]
[White "Matzat, Andre"]
[Black "Genov, Petar"]
[Result "0-1"]
[ECO "D00"]
[WhiteElo "2081"]
[BlackElo "2435"]
[Annotator "NA"]
[PlyCount "68"]
[EventDate "2018.07.06"]
[EventType "swiss"]
[EventCountry "GER"]
[SourceTitle "playchess.com"]
[Source "ChessBase"]
[SourceQuality "1"]
[TimeControl "40/5400+30:1800+30"]

1. d4 d5 2. Bf4 Nf6 3. e3 e6 4. Nd2 b6 5. Ngf3 Bb7 6. Ne5 Nbd7 7. Bd3 Bd6 8. Qf3 Qe7 9. c3 h6 10. h4 Bxe5 11. dxe5 Nc5 12. Bb5+ Nfd7 13. Nb3 O-O-O 14. Nd4 a6 15. Be2 f6 16. exf6 gxf6 17. Qh3 e5 18. Nf5 Qf8 19. Bh2 Kb8 20. h5 Ne4 21. Qh4 Rg8 22. Rg1 Ndc5 23. O-O-O Bc8 24. g4 Na4 25. Kc2 Nexc3 26. bxc3 Qa3 27. Rb1 Bxf5+ 28. gxf5 Rxg1 29. Bxg1 Qxc3+ 30. Kd1 d4 31. Qxf6 Rd6 32. Qf8+ Ka7 33. Bf3 dxe3+ 34. Ke2 Qd3+ 0-1

[Event "Schachfestival Open-A 2018"]
[Site "Lueneburg"]
[Date "2018.07.10"]
[Round "6"]
[White "Bosselmann, Tom Linus"]
[Black "Boehm, Juergen"]
[Result "1/2-1/2"]
[ECO "C34"]
[WhiteElo "2036"]
[BlackElo "2233"]
[Annotator "NA"]
[PlyCount "42"]
[EventDate "2018.07.06"]
[EventType "swiss"]
[EventCountry "GER"]
[SourceTitle "playchess.com"]
[Source "ChessBase"]
[SourceQuality "1"]
[TimeControl "40/5400+30:1800+30"]

1. e4 e5 2. f4 exf4 3. Nf3 Nf6 4. e5 Nh5 5. Bc4 g6 6. O-O Bg7 7. d4 O-O 8. Nc3 d6 9. exd6 cxd6 10. Ne2 Be6 11. Bd3 Nc6 12. c3 Qb6 13. Kh1 Bg4 14. Rb1 Ne7 15. Nxf4 Nxf4 16. Bxf4 Nd5 17. Bd2 Rae8 18. h3 Bd7 19. Bc4 Be6 20. Bd3 Bd7 21. Bc4 Be6 1/2-1/2

[Event "Schachfestival Open-A 2018"]
[Site "Lueneburg"]
[Date "2018.07.10"]
[Round "6"]
[White "Haerig, Wilfried"]
[Black "Bente, Bjoern"]
[Result "1/2-1/2"]
[ECO "B06"]
[WhiteElo "2022"]
[BlackElo "2219"]
[Annotator "NA"]
[PlyCount "37"]
[EventDate "2018.07.06"]
[EventType "swiss"]
[EventCountry "GER"]
[SourceTitle "playchess.com"]
[Source "ChessBase"]
[SourceQuality "1"]
[TimeControl "40/5400+30:1800+30"]

1. e4 g6 2. d4 Bg7 3. Nc3 c6 4. Nf3 d6 5. h3 Nf6 6. Bg5 O-O 7. e5 dxe5 8. dxe5 Nd5 9. Qd2 Nxc3 10. Qxc3 Be6 11. Bc4 Bxc4 12. Qxc4 Qa5+ 13. Bd2 Qd5 14. Qe2 Nd7 15. c4 Qe6 16. Bc3 f6 17. exf6 Qxe2+ 18. Kxe2 exf6 19. Rhe1 1/2-1/2

[Event "Schachfestival Open-A 2018"]
[Site "Lueneburg"]
[Date "2018.07.10"]
[Round "6"]
[White "Popvasilev, Kaloyan"]
[Black "Weishaeutel, Moritz"]
[Result "1-0"]
[ECO "B00"]
[WhiteElo "2020"]
[BlackElo "2236"]
[Annotator "NA"]
[PlyCount "99"]
[EventDate "2018.07.06"]
[EventType "swiss"]
[EventCountry "GER"]
[SourceTitle "playchess.com"]
[Source "ChessBase"]
[SourceQuality "1"]
[TimeControl "40/5400+30:1800+30"]

1. e4 d6 2. d4 g6 3. Be3 Bg7 4. Nc3 a6 5. Qd2 Nd7 6. h4 Ngf6 7. f3 h5 8. Nh3 b5 9. a4 b4 10. Nd1 c5 11. dxc5 dxc5 12. e5 Ng8 13. e6 fxe6 14. Ng5 Qb6 15. a5 Qc6 16. Bd3 Ngf6 17. Bxg6+ Kd8 18. Bf7 Bb7 19. Bxe6 Kc8 20. c4 Kb8 21. Nf2 Rd8 22. Bf5 Bh6 23. Nfh3 Ka7 24. Ne6 Bxe3 25. Qxe3 Rg8 26. Nhf4 Ne8 27. Be4 Qc8 28. Bxb7 Kxb7 29. Qe4+ Qc6 30. Qxc6+ Kxc6 31. Kf2 Nd6 32. b3 Nf6 33. Rhe1 Nf5 34. Re5 Nxh4 35. Rxc5+ Kb7 36. Rc7+ Kb8 37. Rxe7 Ra7 38. Rxa7 Kxa7 39. Rh1 Nf5 40. Nxh5 Rh8 41. g4 Ne7 42. Kg2 Nd7 43. Nhf4 Rxh1 44. Kxh1 Nc6 45. g5 Nxa5 46. Nd5 Nxb3 47. g6 Nd2 48. g7 b3 49. g8=Q b2 50. Nc3 1-0